 Dungeon Crawl Stone Soup version 0.29.1-15-g9cfb28693d (webtiles) character file.

Game seed: 433802549856300731

280 croobank the Conjurer (level 6, -11/44 HPs)
             Began as a Demonspawn Conjurer on Mar 10, 2023.
             Mangled by Duvessa
             ... wielding a +2 vampiric short sword
              (19 damage)
             ... on level 4 of the Dungeon.
             The game lasted 00:12:11 (3931 turns).

croobank the Conjurer (Demonspawn Conjurer)         Turns: 3931, Time: 00:12:12

Health: -11/44     AC:  6    Str:  7    XL:     6   Next: 5%
Magic:  7/10       EV: 12    Int: 21    God:
Gold:   215        SH:  0    Dex: 12    Spells: 5/11 levels left

rFire   . . .      SeeInvis +   f - +0 dagger
rCold   . . .      Faith    .   (no shield)
rNeg    . . .      Spirit   .   a - +0 robe
rPois   .          Reflect  .   (no helmet)
rElec   +          Harm     .   (no cloak)
rCorr   .          Rampage  .   (no gloves)
Will    .....                   (no boots)
Stlth   ++........              (no amulet)
HPRegen 0.14/turn               g - ring of see invisible
MPRegen 0.12/turn               (no ring)

@: no status effects
A: thin metallic scales 3, demonic touch 1
a: no special abilities


You were on level 4 of the Dungeon.
You visited 1 branch of the dungeon, and saw 4 of its levels.

You collected 215 gold pieces.

Inventory:

Hand Weapons
 f - a +0 dagger (weapon)
 h - a +0 hand axe
 q - a +0 short sword
 r - a +0 war axe
 w - a +0 quarterstaff
Missiles
 i - 19 poisoned darts
 j - 6 boomerangs
Armour
 a - a +0 robe (worn)
 x - the +0 robe of Uwedagal {rC+ Str-3 Dex+3 SInv}
   (You found it on level 3 of the Dungeon)

   Str:       It affects your strength (-3).
   Dex:       It affects your dexterity (+3).
   rC:        It protects you from cold.
   SInv:      It lets you see invisible.
 y - an orb of mayhem
Jewellery
 g - a ring of see invisible (left hand)
Wands
 C - a wand of paralysis (5)
Scrolls
 c - a scroll of enchant weapon {unknown}
 e - 2 scrolls of fear {unknown}
 m - 2 scrolls of enchant armour {unknown}
 o - a scroll of brand weapon {unknown}
 s - 3 scrolls of teleportation {unknown}
 t - 2 scrolls of blinking {unknown}
 u - a scroll of magic mapping {unknown}
 v - a scroll of torment {unknown}
 A - a scroll of identify {unknown}
 B - a scroll of fog {unknown}
 E - a scroll of immolation {unknown}
Potions
 b - a potion of magic
 k - 2 potions of invisibility {unknown}
 l - a potion of haste {unknown}
 n - a potion of attraction {unknown}
 p - a potion of might {unknown}
 z - a potion of mutation {unknown}
 D - a potion of curing {unknown}
 F - a potion of brilliance {unknown}


   Skills:
 + Level 2.1 Fighting
 + Level 2.9 Dodging
 + Level 2.9 Stealth
 + Level 3.0 Spellcasting
 + Level 4.7 Conjurations
 + Level 1.9 Hexes


You had 5 spell levels left.
You knew the following spells:

 Your Spells              Type           Power      Damage    Failure   Level
a - Magic Dart            Conj           92%        1d7       1%          1
b - Searing Ray           Conj           46%        2d6       2%          2
c - Dazzling Flash        Conj/Hex       34%        N/A       10%         3

Your spell library contained the following spells:

 Spells                   Type           Power      Damage    Failure   Level
 Scorch                   Fire           6%         2d5       21%         2
 Fulminant Prism          Conj/Hex       8%         3d7       32%         4
 Gell's Gravitas          Tloc           3%         N/A       36%         3
 Teleport Other           Tloc           3%         N/A       36%         3
 Flame Wave               Conj/Fire      13%        2d6       45%         4
 Iskenderun's Mystic Bla  Conj/Tloc      13%        2d5       45%         4
 Dispersal                Tloc           1%         N/A       100%        6
 Summon Cactus Giant      Summ           1%         N/A       100%        6


Dungeon Overview and Level Annotations

Branches:
Dungeon (4/15)
 Temple: D:4-7

Altars:

Shops:
D:1 (

Annotations:
D:4 Duvessa


Innate Abilities, Weirdness & Mutations

You are completely covered in thin metallic scales. (AC +4, rElec)
Your touch may inflict minor irresistible damage on your foes.


Message History

Dowan suddenly stops moving!
Duvessa misses you.
The helpless Dowan fails to defend himself.
You hit Dowan.
You touch Dowan!
Dowan is almost dead.
Duvessa hits you but does no damage.
The helpless Dowan fails to defend himself.
You hit Dowan.
You kill Dowan!
Duvessa screams, "No!
How DARE you!"
Duvessa goes berserk!
Duvessa hits you with a +2 vampiric short sword!
* * * LOW HITPOINT WARNING * * *
Duvessa hits you but does no damage.
Your Fighting skill increases to level 2!
Your Spellcasting skill increases to level 3!
You have reached level 6!
Your demonic ancestry asserts itself...
Thin metallic scales cover your body completely.
Okay, then.
Okay, then.
Okay, then.
It was a potion of heal wounds.
You feel much better.
Duvessa hits you with a +2 vampiric short sword!
* * * LOW HITPOINT WARNING * * *
You feel much better.
Duvessa hits you with a +2 vampiric short sword! x2
Duvessa draws strength from your wounds!
Casting: Searing Ray (safe; 2% risk of failure)
Confirm with . or Enter, or press ? or * to list all spells.
Okay, then.
Magic courses through your body.
Duvessa hits you with a +2 vampiric short sword!
* * * LOW HITPOINT WARNING * * *
Casting: Searing Ray (safe; 2% risk of failure)
Confirm with . or Enter, or press ? or * to list all spells.
Casting: Dazzling Flash (dangerous; 10% risk of failure)
Press: ? - help, Dir - look around, f - activate Duvessa is dazzled.
Duvessa hits you with a +2 vampiric short sword!!
You die...

#~~.~~...###.##..##..###..
#...~~...######..#######'#
##.~~~~..#............†...
#.).....#......[.........
#..#....#................
##.##+####..##..##..###..
#..#...##..##+###..###..
#.......)...........#...
#<.....@e...........+...
##....###'###..##..###..
###### #.# #####.(###..
..$ g..#.... ..... #....
#...... #.... #.......
#.... ########+ ##... +###


You could see Duvessa (berserk, blind).

Vanquished Creatures
  Dowan (D:4)
  2 hounds (D:4)
  7 gnolls
  4 adders
  A worm (D:2)
  2 dart slugs (D:1)
  4 bats
  4 endoplasms
  7 giant cockroaches
  4 goblins
  5 hobgoblins
  5 quokkas
  3 ball pythons
  3 frilled lizards (D:1)
  4 kobolds
  8 rats
64 creatures vanquished.

Vanquished Creatures (others)
  22 plants (D:3)
22 creatures vanquished.

Grand Total: 86 creatures vanquished

Notes
Turn   | Place    | Note
-------+----------+-------------------------------------------
     0 | D:1      | croobank the Demonspawn Conjurer began the quest for the
                  | Orb.
     0 | D:1      | Reached XP level 1. HP: 13/13 MP: 3/3
   172 | D:1      | Found Jaiclam's Weapon Emporium.
   450 | D:1      | Gained mutation: Your touch may inflict minor irresistible
                  | damage on your foes. [demonic ancestry]
   450 | D:1      | Reached XP level 2. HP: 19/19 MP: 5/5
   453 | D:1      | Learned a level 2 spell: Searing Ray
   819 | D:1      | Found a faded altar of an unknown god.
  1185 | D:1      | Gained mutation: You are partially covered in thin metallic
                  | scales. (AC +2) [demonic ancestry]
  1185 | D:1      | Reached XP level 3. HP: 25/25 MP: 3/6
  1189 | D:1      | Learned a level 3 spell: Dazzling Flash
  1517 | D:2      | You fall into a shaft and drop 2 floors!
  1597 | D:4      | Reached skill level 1 in Fighting
  1786 | D:4      | Gained mutation: You are mostly covered in thin metallic
                  | scales. (AC +3) [demonic ancestry]
  1786 | D:4      | Reached XP level 4. HP: 32/32 MP: 1/7
  1795 | D:4      | Reached skill level 1 in Hexes
  2046 | D:3      | Identified the +0 robe of Uwedagal {rC+ Str-3 Dex+3 SInv}
  2273 | D:2      | Reached XP level 5. HP: 37/37 MP: 2/9
  3915 | D:4      | Noticed Duvessa
  3917 | D:4      | Noticed Dowan
  3927 | D:4      | Killed Dowan
  3928 | D:4      | Gained mutation: You are completely covered in thin
                  | metallic scales. (AC +4, rElec) [demonic ancestry]
  3928 | D:4      | Reached XP level 6. HP: 2/44 MP: 1/10
  3931 | D:4      | Mangled by Duvessa

Illustrated notes

Levels and vault maps discovered:
D:1:      dpeg_arrival_prison, layout_basic, ebering_ecumenical_altar_abandoned,
          serial_shops, nicolae_shop_stone, minmay_heptomino_w4
D:2:      layout_rooms
D:3:      wad_woods_tower, layout_basic, tso_altar
D:4:      layout_gridville, nicolae_overflow_two_pavilions, serial_rivers,
          chequers_serial_rivers_room_a, chequers_serial_rivers_room_b,
          chequers_serial_rivers_micro_e, chequers_serial_rivers_large_b,
          chequers_serial_rivers_micro_b, chequers_serial_rivers_micro_c,
          minmay_cupped, uniq_crazy_yiuf_cottage, uniq_duvessa

Skill      XL: |  1  2  3  4  5 |
---------------+----------------+-----
Stealth        | 2 |  2.9
Dodging        | 2 |  2.9
Fighting       | 1 2 |  2.1
Hexes          | 1 |  1.9
Spellcasting   | 3 |  3.0
Conjurations   | |  4.7

Action                   |  1- 3 |  4- 6 || total
-------------------------+-------+-------++-------
Melee: Unarmed           |    10 |       ||    10
       Dagger            |    28 |    10 ||    38
       Touch             |     4 |     3 ||     7
       Punch             |       |     1 ||     1
 Cast: Magic Dart        |    25 |    22 ||    47
       Searing Ray       |    18 |    19 ||    37
       Dazzling Flash    |       |     1 ||     1
Evoke: Wand              |       |     1 ||     1
  Use: Potion            |       |     3 ||     3
 Stab: Sleeping          |     3 |     1 ||     4
       Paralysed         |       |     2 ||     2
Armor: Robe              |    11 |     6 ||    17
Dodge: Dodged            |    30 |    19 ||    49
